 Dungeon Crawl Stone Soup version 0.27-a0-695-gb4952372f7 (webtiles) character file.

Game seed: 5503106335879272963

1012 spiderkeys the Poker (level 8, 0/70 HPs)
             Began as a Minotaur Berserker on Mar 22, 2021.
             Was a Priest of Trog.
             Killed from afar by an orc wizard (4 damage)
             ... with a puff of flame
             ... on level 6 of the Dungeon.
             The game lasted 00:05:18 (6506 turns).

spiderkeys the Poker (Minotaur Berserker)           Turns: 6506, Time: 00:05:19

Health: 0/70       AC:  9    Str: 24    XL:     8   Next: 1%
Magic:  7/7        EV:  7    Int:  4    God:    Trog [***...]
Gold:   230        SH:  0    Dex: 16    Spells: 7/7 levels left

rFire    . . .     SeeInvis .   a - +0 spear
rCold    . . .     Faith    .   m - +0 kite shield
rNeg     . . .     Spirit   .   n - +0 chain mail
rPois    .         Reflect  .   (helmet restricted)
rElec    .         Harm     .   (no cloak)
rCorr    .         Rampage  .   (no gloves)
Will     .....                  (no boots)
Stlth    ..........             (no amulet)
HPRegen  0.21/turn              z - +6 ring of dexterity
MPRegen  0.10/turn              (no ring)

@: confused
A: horns 2, retaliatory headbutt
a: Renounce Religion, Berserk, Trog's Hand


You were on level 6 of the Dungeon.
You worshipped Trog.
Trog was most pleased with you.
You visited 1 branch of the dungeon, and saw 6 of its levels.

You collected 342 gold pieces.
You spent 112 gold pieces at shops.

Inventory:

Hand Weapons
 a - a +0 spear (weapon)
Missiles
 t - 4 boomerangs
Armour
 m - a +0 kite shield (worn)
 n - a +0 chain mail (worn)
Jewellery
 p - a ring of fire
 z - a +6 ring of dexterity (right hand)
Wands
 s - a wand of acid (11)
 y - a wand of random effects (14)
Scrolls
 b - a scroll of enchant weapon {unknown}
 f - a scroll of holy word {unknown}
 h - a scroll of blinking
 j - a scroll of brand weapon
 o - a scroll of magic mapping
 q - a scroll of amnesia
 r - a scroll of teleportation
 u - 2 scrolls of enchant armour
 x - a scroll of noise
Potions
 c - a potion of lignification {unknown}
 d - 3 potions of heal wounds
 e - a potion of flight {unknown}
 g - a potion of ambrosia {unknown}
 i - 2 potions of attraction {unknown}
 k - 2 potions of haste {unknown}
 v - 2 potions of curing
 w - a potion of cancellation {unknown}


   Skills:
 + Level 6.0 Fighting
 * Level 7.8 Polearms
 + Level 2.5 Throwing
 + Level 5.4 Armour
 - Level 2.1 Dodging
 + Level 3.7 Shields


You had 7 spell levels left.
You didn't know any spells.
Your spell library was empty.

Dungeon Overview and Level Annotations

Branches:
Dungeon (6/15)
 Temple: D:4-7

Altars:
Cheibriados
Nemelex Xobeh
Trog
Uskayaw

Shops:
D:5 !


Innate Abilities, Weirdness & Mutations

You have a pair of horns on your head.
You reflexively headbutt those who attack you in melee.


Message History

The orc hits you with a +0 mace. The orc priest barely misses you.
There is a stone staircase leading up, spattered with blood here.
The orc wizard hits you but does no damage.
In your confused state, you trip and fall back down the stairs.
The orc priest hits you but does no damage.
The orc priest looks braver for a moment.
The orc wizard hits you but does no damage.
The orc hits you but does no damage.
Unknown command.
The orc priest looks encouraged for a moment.
The orc wizard casts a spell at you.
You are more confused.
The orc hits you with a +0 mace.
In your confused state, you trip and fall back down the stairs.
The orc wizard casts a spell at you.
The puff of flame hits you but does no damage.
The orc barely misses you.
The orc priest mumbles some strange prayers to Beogh against you.
Pain shoots through your body!
The orc priest invokes the aid of Beogh against you.
Pain shoots through your body!
The orc wizard hits you with a +0 dagger.
The orc hits you with a +0 mace.
In your confused state, you trip and fall back down the stairs.
The orc priest hits you with a +0 whip. The orc priest barely misses you.
The orc wizard closely misses you. The orc hits you with a +0 mace!
* * * LOW HITPOINT WARNING * * *
Unknown command.
The orc priest mumbles some strange prayers to Beogh against you.
Beogh smites you!
* * * LOW HITPOINT WARNING * * *
The orc hits you with a +0 mace.
* * * LOW HITPOINT WARNING * * *
You hit the orc priest but do no damage.
The orc priest barely misses you. The orc hits you but does no damage.
You're too confused to move!
The orc priest hits you with a +0 whip.
* * * LOW HITPOINT WARNING * * *
The orc wizard gestures at you while chanting.
The puff of flame hits you.
You die...

###### ......
##########
......
#........#
......
#........#
......
#........#
......
#........#
......
#........#
......
#........#
######
#.$o@o...#
#...oo...#
............#
#.......##..#
+........
.....
#.......#
.....
#.......#
.##..
#........ . .
#........ ..


You could see 2 orc priests, an orc wizard and an orc.

Vanquished Creatures
  An ice beast (D:6)
  A centaur (D:6)
  Blork the orc (D:5)
  A scorpion (D:4)
  2 howler monkeys (D:5)
  A jelly (D:5)
  An orc priest (D:5)
  2 hounds (D:4)
  2 centaur skeletons
  2 bullfrog skeletons
  2 iguanas (D:4)
  An orc wizard (D:3)
  3 worker ants
  13 adders
  2 shadow imps
  2 white imps
  An ooze (D:1)
  2 adder skeletons
  2 worms (D:3)
  3 dart slugs
  7 leopard geckos
  6 orcs
  A ball python (D:1)
  6 giant cockroaches
  4 goblins
  7 hobgoblins
  8 jackals
  8 kobolds
  2 quokkas
  8 bats
  4 frilled lizards
  2 quokka skeletons (D:5)
  9 rats
117 creatures vanquished.

Vanquished Creatures (others)
  5 plants (D:3)
5 creatures vanquished.

Grand Total: 122 creatures vanquished

Notes
Turn   | Place    | Note
-------+----------+-------------------------------------------
     0 | D:1      | spiderkeys the Minotaur Berserker began the quest for the
                  | Orb.
     0 | D:1      | Reached XP level 1. HP: 19/19 MP: 0/0
   143 | D:1      | Reached skill level 4 in Polearms
   224 | D:1      | Reached XP level 2. HP: 23/27 MP: 1/1
   406 | D:1      | Reached XP level 3. HP: 27/33 MP: 2/2
   409 | D:1      | Reached ** piety under Trog
  1069 | D:2      | Found a hide-covered altar of Uskayaw.
  1098 | D:2      | Reached skill level 5 in Polearms
  1098 | D:2      | Reached XP level 4. HP: 25/40 MP: 3/3
  2021 | D:3      | Reached XP level 5. HP: 47/47 MP: 4/4
  2054 | D:3      | Reached skill level 1 in Shields
  2402 | D:3      | Found a snail-covered altar of Cheibriados.
  2895 | D:3      | Reached skill level 6 in Polearms
  3116 | D:4      | Reached skill level 5 in Fighting
  3164 | D:4      | Reached XP level 6. HP: 52/56 MP: 5/5
  3389 | D:4      | Reached *** piety under Trog
  3390 | D:4      | Reached skill level 1 in Throwing
  4239 | D:5      | Entered Level 5 of the Dungeon
  4309 | D:5      | Noticed Blork the orc
  4650 | D:4      | Reached XP level 7. HP: 17/61 MP: 6/6
  5051 | D:4      | Reached skill level 7 in Polearms
  5367 | D:5      | Killed Blork the orc
  5575 | D:5      | Reached skill level 5 in Armour
  5665 | D:5      | You fall into a shaft and drop 1 floor!
  5665 | D:6      | Found a sparkling altar of Nemelex Xobeh.
  5917 | D:5      | Found a bloodstained altar of Trog.
  6017 | D:5      | Found a sparkling altar of Nemelex Xobeh.
  6160 | D:5      | Found Jovoyk Ofotu's Distillery.
  6230 | D:5      | Bought a potion of curing for 42 gold pieces
  6230 | D:5      | Bought a potion of heal wounds for 70 gold pieces
  6421 | D:5      | Reached XP level 8. HP: 55/70 MP: 7/7
  6506 | D:6      | Killed from afar by an orc wizard

Illustrated notes

Levels and vault maps discovered:
D:1:      erik_arrival_triangle_small, layout_basic
D:2:      layout_loops_cross, nicolae_uskayaw_murder_on_the_dancefloor
D:3:      layout_rooms, kennysheep_slug_shrine, serial_bayou,
          serial_bayou_ford_a, serial_bayou_crossing, serial_bayou_lake_a,
          serial_bayou_pond_d
D:4:      layout_basic
D:5:      layout_loops_cross, general_overflow_altar, serial_shops, shop_coins,
          nemelex_spade_bored_becter, uniq_blork_the_orc
D:6:      layout_basic, ashenzari_conservatory_becter, old_standard_altar,
          minmay_temple_entry_statues_fountains

Skill      XL: |  1  2  3  4  5  6  7 |
---------------+----------------------+-----
Polearms       | 4 5 6 7 |  7.8
Fighting       | 4 5 6 |  6.0
Armour         | 3 4 5 |  5.4
Shields        | 1 2 3 |  3.7
Throwing       | 1 2 |  2.5
Dodging        | |  2.1

Action                   |  1- 3 |  4- 6 |  7- 9 || total
-------------------------+-------+-------+-------++-------
Melee: Spear             |    81 |   296 |   116 ||   493
       Headbutt          |    10 |    47 |    28 ||    85
  Use: Scroll            |       |       |     7 ||     7
 Stab: Sleeping          |     1 |     3 |       ||     4
       Distracted        |     1 |       |       ||     1
Armor: Animal skin       |     9 |     1 |       ||    10
       Chain mail        |       |   101 |    39 ||   140
Dodge: Dodged            |    36 |    51 |    39 ||   126
Block: Kite shield       |       |   107 |    46 ||   153

Table legend: (Time is in decaauts)
 A = Elapsed time spent in this place.
 B = Non-inter-level travel time spent in this place.
 C = Inter-level travel time spent in this place.
 D = Time resting spent in this place.
 E = Time spent auto-exploring this place.
 F = Levels seen in this place.
 G = Mean time per level.
                   A        B        C        D        E       F      G
               +--------+--------+--------+--------+--------+-----+--------+
         Total |   6590 |   6408 |    182 |   1127 |   4426 |   6 | 1098.3 |
       Dungeon |   6590 |   6408 |    182 |   1127 |   4426 |   6 | 1098.3 |
               +--------+--------+--------+--------+--------+-----+--------+

Top non-repeatable levels by time:
     D:4: 2150 daAuts
     D:3: 1187 daAuts
     D:2: 1097 daAuts
     D:5: 1016 daAuts
     D:1: 891 daAuts
     D:6: 247 daAuts
